 Dungeon Crawl Stone Soup version 0.27-a0-906-g0a00ce863d (webtiles) character file.

Game seed: 11324573726361880179

226 Lanoc the Charlatan (level 5, -5/38 HPs)
             Began as a Vampire Artificer on Apr 7, 2021.
             Was a Follower of Uskayaw.
             Slain by an iguana (12 damage)
             ... on level 5 of the Dungeon.
             The game lasted 00:03:55 (2231 turns).

Lanoc the Charlatan (Vampire Artificer)             Turns: 2231, Time: 00:03:56

Health: -5/38      AC:  3    Str: 11    XL:     5   Next: 69%
Magic:  6/6        EV: 12    Int: 14    God:    Uskayaw [*.....]
Gold:   139        SH:  0    Dex: 15    Spells: 4/4 levels left

rFire    . . .     SeeInvis +   i - +0 dagger
rCold    . . .     Faith    .   (no shield)
rNeg     . . .     Spirit   .   b - +0 leather armour
rPois    .         Reflect  .   (no helmet)
rElec    .         Harm     .   (no cloak)
rCorr    .         Rampage  .   (no gloves)
Will     .....                  (no boots)
Stlth    ++........             (no amulet)
HPRegen  0.32/turn              (no ring)
MPRegen  0.10/turn              (no ring)

@: regenerating quickly
A: alive, fangs 3, see invisible, unbreathing 1, vampiric 2
a: Exsanguinate, Renounce Religion, Stomp


You were on level 5 of the Dungeon.
You worshipped Uskayaw.
Uskayaw was noncommittal.
You visited 1 branch of the dungeon, and saw 4 of its levels.

You collected 139 gold pieces.

Inventory:

Hand Weapons
 i - a +0 dagger (weapon)
Armour
 b - a +0 leather armour (worn)
Wands
 d - a wand of charming (14) (quivered)
 e - a wand of random effects (13)
Scrolls
 g - a scroll of amnesia
Potions
 a - a potion of curing {unknown}
 f - a potion of lignification {unknown}
 h - a potion of haste {unknown}
 l - a potion of attraction {unknown}
 o - 2 potions of magic {unknown}


   Skills:
 + Level 2.2 Fighting
 - Level 0.7 Armour
 + Level 3.4 Dodging
 - Level 1.5 Stealth
 * Level 2.6 Invocations
 * Level 4.0 Evocations


You had 4 spell levels left.
You didn't know any spells.
Your spell library was empty.

Dungeon Overview and Level Annotations

Branches:
Dungeon (3/15)

Altars:
Qazlal
Uskayaw

Annotations:
D:3 2 transporters, gus3d's ghost, amateur OpMo


Innate Abilities, Weirdness & Mutations

Your natural rate of healing is unusually fast.
You have razor-sharp teeth.
You have supernaturally acute eyesight. (SInv)
You can survive without breathing.
You are afflicted with vampirism and can become a bat while bloodless.


Message History

Uskayaw will force your foes to helplessly watch your dance.
Uskayaw prepares the audience for your solo!
The helpless necrophage fails to defend itself.
You hit the necrophage.
The necrophage is almost destroyed.
The helpless necrophage fails to defend itself.
You hit the necrophage.
You destroy the necrophage!
Your life force feels restored.
Your Evocations skill increases to level 4!
Your hearing returns.
You can no longer pass through a line of other dancers.
Found 23 stones.
Found an escape hatch in the ceiling.
An iguana comes into view.
A worm and an ufetubus come into view.
The ufetubus shouts!
The iguana hisses angrily.
You barely miss the iguana. You bite the iguana, but do no damage.
The iguana closely misses you.
You hit the iguana.
The iguana is lightly wounded.
The iguana bites you but does no damage.
You hit the iguana but do no damage.
The iguana is lightly wounded.
The iguana bites you!
You hit the iguana but do no damage.
The iguana is lightly wounded.
The iguana bites you!
You hit the iguana but do no damage.
The iguana is lightly wounded.
You hear the slow hiss of a distant avalanche of sand.
The iguana bites you!
* * * LOW HITPOINT WARNING * * *
Aiming: Charm
Press: ? - help, Q - select action, (/) - cycle Shift-Dir - straight line, f - iguana
Aim: an iguana (lightly wounded, chance to affect: 67%)
The iguana struggles to resist.
The iguana bites you!
You die...

###### #..... ###.####
#.......
##############.#.####
###.<..................
...................###.
##..##.#.####...### #.
#@#..........# #.
#5l#......#.......#.
#.w##.....#.##......<.
#... #.##.##.##..###...
.## .. #... ##........
.. ..... ...####. ##..#
## ..# #


You could see a worm, an iguana and an ufetubus.

Vanquished Creatures
  A necrophage (D:5)
  A scorpion (D:2)
  A hound (D:5)
  An adder (D:3)
  2 worms (D:2)
  5 endoplasms
  A giant cockroach (D:1)
  4 goblins
  3 hobgoblins
  4 jackals (D:1)
  2 kobolds (D:1)
  A quokka (D:1)
  6 ball pythons
  4 bats
  2 frilled lizards
  5 rats
43 creatures vanquished.

Notes
Turn   | Place    | Note
-------+----------+-------------------------------------------
     0 | D:1      | Lanoc the Vampire Artificer began the quest for the Orb.
     0 | D:1      | Reached XP level 1. HP: 14/14 MP: 1/1
    35 | D:1      | Found a faded altar of an unknown god.
    46 | D:1      | Became a worshipper of Uskayaw the Reveller
    46 | D:1      | Reached * piety under Uskayaw
    94 | D:1      | Reached skill level 1 in Fighting
   103 | D:1      | Reached ** piety under Uskayaw
   257 | D:1      | Reached XP level 2. HP: 21/21 MP: 2/2
   457 | D:1      | Reached skill level 3 in Evocations
   547 | D:1      | Reached skill level 1 in Invocations
   995 | D:2      | Gained mutation: You are afflicted with vampirism and can
                  | become a bat while bloodless. [Vampire growth]
   995 | D:2      | Reached XP level 3. HP: 17/26 MP: 3/3
  1325 | D:2      | Noticed a scorpion
  1336 | D:2      | Killed a scorpion
  1337 | D:2      | Reached XP level 4. HP: 29/33 MP: 3/5
  1700 | D:3      | Found a transporter.
  1947 | D:3      | Noticed gus3d's ghost (amateur OpMo)
  1948 | D:3      | Found a transporter.
  2114 | D:3      | Found a stormy altar of Qazlal.
  2129 | D:3      | You fall into a shaft and drop 2 floors!
  2129 | D:5      | Entered Level 5 of the Dungeon
  2132 | D:5      | Noticed a necrophage
  2133 | D:5      | Noticed a necrophage
  2149 | D:5      | Reached XP level 5. HP: 28/38 MP: 6/6
  2176 | D:5      | Reached *** piety under Uskayaw
  2178 | D:5      | Killed a necrophage
  2179 | D:5      | Reached skill level 4 in Evocations
  2231 | D:5      | Slain by an iguana

Illustrated notes

Levels and vault maps discovered:
D:1:      grunt_arrival_crossed_arrows, layout_basic, basic_ecumenical_altar
D:2:      layout_basic
D:3:      layout_rooms, nicolae_overflow_crystal_walls,
          gammafunk_ghost_mausoleum
D:5:      layout_loops_ring, marbit_many_paths, nicolae_ossuary_entry_monument,
          serial_shops, shop_statue, minmay_tree_intersection,
          grunt_decor_resistance, st_stairs_11, chequers_garden,
          minmay_manual_mess

Skill      XL: |  1  2  3  4  5 |
---------------+----------------+-----
Fighting       | 1 2 |  2.2
Evocations     | 3 4 |  4.0
Invocations    | 1 2 |  2.6
Dodging        | 3 |  3.4
Armour         | |  0.7
Stealth        | |  1.5

Action                   |  1- 3 |  4- 6 || total
-------------------------+-------+-------++-------
Melee: Club              |    83 |       ||    83
       Bite              |     9 |     8 ||    17
       Dagger            |    39 |    95 ||   134
Evoke: Wand              |    12 |     6 ||    18
  Use: Scroll            |       |     6 ||     6
 Stab: Sleeping          |       |     2 ||     2
       Paralysed         |       |     4 ||     4
Armor: Leather armour    |    35 |    17 ||    52
Dodge: Dodged            |    95 |    55 ||   150

Table legend: (Time is in decaauts)
 A = Elapsed time spent in this place.
 B = Non-inter-level travel time spent in this place.
 C = Inter-level travel time spent in this place.
 D = Time resting spent in this place.
 E = Time spent auto-exploring this place.
 F = Levels seen in this place.
 G = Mean time per level.
                   A        B        C        D        E       F      G
               +--------+--------+--------+--------+--------+-----+--------+
         Total |   2254 |   2178 |     76 |      0 |   1672 |   4 |  563.5 |
       Dungeon |   2254 |   2178 |     76 |      0 |   1672 |   4 |  563.5 |
               +--------+--------+--------+--------+--------+-----+--------+

Top non-repeatable levels by time:
     D:1: 927 daAuts
     D:2: 764 daAuts
     D:3: 459 daAuts
     D:5: 101 daAuts
